 Dungeon Crawl Stone Soup version 0.30-a0-634-g8abc85282e (webtiles) character file.

Game seed: 7282620995704686806

67 drugrobin the Sneak (level 3, 0/30 HPs)
             Began as a Demigod Delver on Jan 14, 2023.
             Slain by an iguana (9 damage)
             ... on level 3 of the Dungeon.
             The game lasted 00:14:45 (2412 turns).

drugrobin the Sneak (Demigod Delver)                Turns: 2412, Time: 00:14:46

Health: 0/30       AC:  6    Str: 23    XL:     3   Next: 70%
Magic:  5/5        EV: 11    Int: 12    God:
Gold:   92         SH:  0    Dex: 15    Spells: 1/2 levels left

rFire   . . .      SeeInvis .      - Unarmed
rCold   + . .      Faith    .    (no shield)
rNeg    . . .      Spirit   .    m - +1 ring mail {rC+}
rPois   .          Reflect  .    (no helmet)
rElec   .          Harm     .    (no cloak)
rCorr   .          Rampage  .    (no gloves)
Will    .....                    (no boots)
Stlth   ++                       (no amulet)
HPRegen 0.25/turn                t - +6 ring of strength
MPRegen 0.09/turn                (no ring)

@: mighty
A: high MP 1, forlorn, divine attributes
a: no special abilities


You were on level 3 of the Dungeon.
You visited 1 branch of the dungeon, and saw 5 of its levels.

You collected 122 gold pieces.
You spent 30 gold pieces at shops.

Inventory:

Hand Weapons
 n - a +5 dagger of freezing
Armour
 a - a +0 leather armour
 m - a +1 ring mail of cold resistance (worn)
Jewellery
 t - a +6 ring of strength (left hand)
Wands
 f - a wand of digging (3)
Scrolls
 b - a scroll of fog
 d - 4 scrolls of blinking {unknown}
 g - a scroll of teleportation {unknown}
 h - a scroll of brand weapon {unknown}
 i - 3 scrolls of identify {unknown}
 j - a scroll of amnesia {unknown}
 r - 2 scrolls of immolation {unknown}
 s - a scroll of noise {unknown}
Potions
 c - 2 potions of might
 e - a potion of haste
 l - 6 potions of curing
 o - a potion of magic {unknown}
 p - a potion of flight {unknown}
 q - a potion of ambrosia {unknown}


   Skills:
 - Level 2.7 Fighting
 - Level 1.8 Dodging
 - Level 4.5 Stealth
 + Level 3.8 Unarmed Combat


You had one spell level left.
You knew the following spells:

 Your Spells              Type           Power      Damage    Failure   Level
a - Foxfire               Conj/Fire      0%         2x1d4     47%         1

Your spell library contained the following spells:

 Spells                   Type           Power      Damage    Failure   Level
 Fireball                 Conj/Fire      0%         3d3       100%        5
 Starburst                Conj/Fire      0%         6d3       100%        6


Dungeon Overview and Level Annotations

Branches:
Dungeon (5/15)
 Temple: D:4-7

Shops:
D:1 [!

Annotations:
D:5 exclusion: jelly


Innate Abilities, Weirdness & Mutations

You have an increased reservoir of magic. (+10% MP)
You shall have no god before yourself.
Your divine heritage dramatically boosts your attributes as you level up.


Message History

Aim: an iguana (63% to hit)
You throw a poisoned dart. The poisoned dart hits the iguana.
You feel sick.
You are no longer poisoned.
The iguana barely misses you.
Unknown command.
Unknown command.
Throw: 4 darts (poison)
Press: ? - help, Shift-Dir - straight line, f/p - iguana
Aim: an iguana (63% to hit)
You throw a poisoned dart. The poisoned dart hits the iguana.
The iguana is poisoned.
The iguana closely misses you.
Unknown command.
Throw: 3 darts (poison)
Press: ? - help, Shift-Dir - straight line, f/p - iguana
Aim: an iguana (poisoned, 63% to hit)
You throw a poisoned dart.
The poisoned dart barely misses the iguana.
The iguana closely misses you.
Unknown command.
Throw: 2 darts (poison)
Press: ? - help, Shift-Dir - straight line, f/p - iguana
Aim: an iguana (lightly wounded, poisoned, 63% to hit)
You throw a poisoned dart. The poisoned dart hits the iguana.
The iguana looks even sicker.
The iguana is lightly wounded.
The iguana bites you!
* * * LOW HITPOINT WARNING * * *
Unknown command.
Throw: dart (poison)
Press: ? - help, Shift-Dir - straight line, f/p - iguana
Aim: an iguana (lightly wounded, very poisoned, 63% to hit)
You throw a poisoned dart.
The poisoned dart closely misses the iguana.
The iguana bites you but does no damage.
It was a potion of might.
You feel very mighty all of a sudden. The iguana bites you!
You die...

#.#.#
#[#####.#.#
........#.#
.######...#
#.### #.# # #.#
#.###########.#
#(.l@.........#
#...############
....[#. ##.. ..
## ###


You could see an iguana (very poisoned).

Vanquished Creatures
  An adder (D:3)
  A worm (D:2)
  2 endoplasms
  4 giant cockroaches
  A goblin (D:1)
  13 hobgoblins
  6 kobolds
  2 quokkas
  7 ball pythons
  7 bats
  4 rats
48 creatures vanquished.

Vanquished Creatures (others)
  A fungus (D:2)
  3 plants (D:2)
4 creatures vanquished.

Grand Total: 52 creatures vanquished

Notes
Turn   | Place    | Note
-------+----------+-------------------------------------------
     0 | D:5      | drugrobin the Demigod Delver began the quest for the Orb.
     0 | D:5      | Reached XP level 1. HP: 18/18 MP: 3/3
    27 | D:5      | Noticed a jelly
   109 | D:5      | Noticed a troll
   151 | D:5      | Noticed an orc priest
   520 | D:2      | Reached XP level 2. HP: 12/25 MP: 4/4
   983 | D:1      | Found Qymiff's Armour Shoppe.
  1123 | D:1      | Found Kigur's Distillery.
  1130 | D:1      | Bought a potion of curing for 30 gold pieces
  1147 | D:1      | Learned a level 1 spell: Foxfire
  1300 | D:1      | Reached XP level 3. HP: 23/30 MP: 5/5
  2412 | D:3      | Slain by an iguana

Illustrated notes

Levels and vault maps discovered:
D:1:      minmay_arrival_diagonal_passages, layout_loops_ring, serial_shops,
          shop, nicolae_shop_waterfront
D:2:      layout_basic, shapermc_ecumenical_altar_acropolis,
          minmay_small_reverse_x
D:3:      layout_basic, nicolae_uskayaw_en_pointe,
          minmay_misc_feat_secret_circle, st_stairs_8, minmay_joined_circles,
          uniq_sigmund, uniq_natasha, uniq_crazy_yiuf_cottage
D:4:      layout_basic, lemuel_crystal_altar, minmay_temple_entry_purple_smoke
D:5:      layout_loops_corners, mainiacjoe_overflow_alcove_4,
          gammafunk_temple_overflow_forgotten, led_sif_book,
          minmay_diced_spiral, uniq_edmund

Skill      XL: |  1  2 |
---------------+-------+-----
Unarmed Combat | 2 3 |  3.8
Fighting       | |  2.7
Dodging        | |  1.8
Stealth        | |  4.5

Action                   || total
-------------------------++-------
Melee: Unarmed           ||   176
       Punch             ||     1
Throw: Dart              ||     7
  Use: Scroll            ||     2
       Potion            ||     1
 Stab: Sleeping          ||     6
       Distracted        ||     1
Armor: Leather armour    ||    16
       Ring mail         ||    36
       Scale mail        ||     4
Dodge: Dodged            ||   116

Table legend: (Time is in decaauts)
 A = Elapsed time spent in this place.
 B = Non-inter-level travel time spent in this place.
 C = Inter-level travel time spent in this place.
 D = Time resting spent in this place.
 E = Time spent auto-exploring this place.
 F = Levels seen in this place.
 G = Mean time per level.
                   A        B        C        D        E       F      G
               +--------+--------+--------+--------+--------+-----+--------+
         Total |   2403 |   2156 |    247 |     53 |   1434 |   5 |  480.6 |
       Dungeon |   2403 |   2156 |    247 |     53 |   1434 |   5 |  480.6 |
               +--------+--------+--------+--------+--------+-----+--------+

Top non-repeatable levels by time:
     D:2: 1024 daAuts
     D:1: 837 daAuts
     D:3: 219 daAuts
     D:5: 166 daAuts
     D:4: 156 daAuts
